 Dungeon Crawl Stone Soup version 0.20-a0-553-g9f38e11 (webtiles) character file.

74 drasked the Chopper (level 4, -2/40 HPs)
             Began as a Minotaur Berserker on Feb 3, 2017.
             Was a Believer of Trog.
             Slain by a worm (8 damage)
             ... on level 2 of the Dungeon.
             The game lasted 00:03:15 (1357 turns).

drasked the Chopper (Minotaur Berserker)            Turns: 1357, Time: 00:03:16

Health: -2/40      AC:  2    Str: 22    XL:     4   Next: 9%
Magic:  3/3        EV: 12    Int:  5    God:    Trog [**....]
Gold:   99         SH:  0    Dex:  9    Spells: 3/3 levels left

rFire    . . .     SeeInvis .   a - +0 hand axe
rCold    . . .     Gourm    .   b - +0 animal skin
rNeg     . . .     Faith    .   (no shield)
rPois    .         Spirit   .   (helmet restricted)
rElec    .         Reflect  .   (no cloak)
rCorr    .         Harm     .   (no gloves)
MR       .....                  (no boots)
Stlth    +.........             (no amulet)
Regen    0.2/turn               (no ring)
                                (no ring)

@: no status effects
A: retaliatory headbutt, horns 2
a: Berserk, Trog's Hand, Burn Spellbooks, Renounce Religion


You were on level 2 of the Dungeon.
You worshipped Trog.
Trog was pleased with you.
You were not hungry.

You visited 1 branch of the dungeon, and saw 2 of its levels.

You collected 99 gold pieces.

Inventory:

Hand Weapons
 a - a +0 hand axe (weapon)
Armour
 b - a +0 animal skin (worn)
Jewellery
 e - an uncursed ring of protection from cold {unknown}
   (You found it on level 1 of the Dungeon)
Scrolls
 h - a scroll of identify {unknown}
 i - 2 scrolls of remove curse {unknown}
 k - a scroll of enchant armour {unknown}
Potions
 d - a potion of curing {unknown}
 j - a potion of haste {unknown}
Comestibles
 c - 2 bread rations {@e1}
 f - 2 meat rations {@e2}
 g - a chunk of flesh {@w0}


   Skills:
 + Level 4.2 Fighting
 * Level 5.0 Axes
 + Level 3.3 Armour
 - Level 2.1 Dodging


You had 3 spell levels left.
You didn't know any spells.

Dungeon Overview and Level Annotations

Branches:
Dungeon (2/15)

Altars:


Innate Abilities, Weirdness & Mutations

You reflexively headbutt those who attack you in melee.
You have a pair of horns on your head.


Message History

You regained 2 hp, and now have 8/33 hp.
You start resting.
You feel less exhausted.
You start resting.
An adder comes into view.
You regained 2 hp, and now have 11/33 hp.
An adder is nearby!
An adder is nearby!
An adder is nearby!
An adder is nearby!
The adder hisses angrily.
You miss the adder. The adder completely misses you.
You closely miss the adder. The adder bites you.
* * * LOW HITPOINT WARNING * * *
You are poisoned.
The adder poisons you! The adder barely misses you.
You take 4 damage, and have 8/33 hp.
A red film seems to cover your vision as you go berserk!
You feel yourself moving faster!
You feel mighty!
You are feeling hungry.
You feel sick. The adder bites you but does no damage.
You now have 11/49 hp.
You slash the adder! The adder closely misses you. You furiously retaliate!
You headbutt the adder!
You kill the adder!
Trog accepts your kill.
You have reached level 4!
You feel stronger.
You regained 3 hp, and now have 14/60 hp.
MP restored: 3
g - 2 chunks of flesh {@w0} (gained 1)
You feel a strong urge to attack something.
Autoeating chunks.
Eating one of 2 chunks of flesh {@w0}.
You eat one of the 2 chunks of flesh {@w0}.
You are no longer berserk.
You are exhausted.
You feel yourself slow down.
You feel sick.
You now have 9/40 hp.
You feel sick.
You take 1 damage, and have 9/40 hp.
You feel sick.
You are no longer poisoned.
You take 1 damage, and have 8/40 hp.
You start resting.
You feel yourself speed up.
You regained 2 hp, and now have 11/40 hp.
You start resting.
A ball python is nearby!
A ball python is nearby!
A ball python is nearby!
The ball python hisses angrily.
You hit the ball python.
You feel less exhausted. The ball python barely misses you.
The ball python grabs you. The ball python constricts you.
The ball python bites you.
* * * LOW HITPOINT WARNING * * *
The ball python constricts you.
You slash the ball python!
You kill the ball python!
Trog accepts your kill.
A goblin comes into view.
The goblin shouts!
A giant cockroach comes into view.
The giant cockroach moves out of view.
A giant cockroach comes into view.
A rat comes into view.
You hit the goblin. The goblin hits you.
* * * LOW HITPOINT WARNING * * *
You take 1 damage, and have 12/40 hp.
You closely miss the goblin. The goblin hits you.
* * * LOW HITPOINT WARNING * * *
You take 3 damage, and have 9/40 hp.
You barely miss the goblin. You headbutt the goblin.
You kill the goblin!
Trog accepts your kill.
You hit the giant cockroach but do no damage.
The giant cockroach barely misses you. You furiously retaliate!
You headbutt the giant cockroach!
You kill the giant cockroach!
Trog accepts your kill.
You slash the giant cockroach!
You kill the giant cockroach!
Trog accepts your kill.
You closely miss the rat. The rat bites you but does no damage.
You slash the rat!
You kill the rat!
Trog accepts your kill.
You start resting.
A worm comes into view.
You regained 4 hp, and now have 14/40 hp.
You hit the worm. The worm bites you!
* * * LOW HITPOINT WARNING * * *
You take 9 damage, and have 6/40 hp.
MASSIVE DAMAGE!!
You hit the worm. You headbutt the worm. You barely miss the worm.
The worm bites you!
You die...

..... ......... .....
......... #....####........
#...............#
#..............#
.....#...........#
......#..†.††.....##
...........w@.......
......#....###....#.......
.....##..............[....
.........#.##..............
. #.....'.##...........#..
....#.....####.####.........
..........# #.....#.....>..
......†#.####...........#
.......#................#


You could see a worm.

Vanquished Creatures
  3 adders (D:2)
  An ooze (D:1)
  A leopard gecko (D:1)
  A ball python (D:2)
  4 giant cockroaches
  7 goblins
  2 hobgoblins (D:1)
  4 jackals (D:1)
  3 kobolds (D:1)
  6 bats
  A frilled lizard (D:2)
  7 rats
40 creatures vanquished.

Notes
Turn   | Place    | Note
-------+----------+-------------------------------------------
     0 | D:1      | drasked the Minotaur Berserker began the quest for the Orb.
     0 | D:1      | Reached XP level 1. HP: 19/19 MP: 0/0
   274 | D:1      | Reached skill level 4 in Axes
   317 | D:1      | Reached XP level 2. HP: 25/27 MP: 1/1
   816 | D:1      | Reached XP level 3. HP: 26/33 MP: 2/2
   982 | D:2      | Reached ** piety under Trog
   982 | D:2      | Reached skill level 4 in Fighting
  1168 | D:2      | Reached skill level 3 in Armour
  1196 | D:2      | Reached skill level 5 in Axes
  1209 | D:2      | HP: 6/33 [rat (3)]
  1262 | D:2      | HP: 8/33 [adder (4)]
  1264 | D:2      | Reached XP level 4. HP: 14/40 MP: 3/3
  1268 | D:2      | HP: 9/40 [poisoned by an adder]
  1273 | D:2      | HP: 8/40 [poisoned by an adder]
  1307 | D:2      | HP: 9/40 [goblin (3)]
  1355 | D:2      | HP: 6/40 [worm (9)]
  1357 | D:2      | Slain by a worm

Vault maps used:
D:1:      grunt_arrival_crossed_arrows
D:2:      lemuel_blue_sif_altar

Skill      XL: |  1  2  3 |
---------------+----------+-----
Axes           | 4 5 |  5.0
Fighting       | 4 |  4.2
Armour         | 3 |  3.3
Dodging        | |  2.1

Action                   |  1- 3 |  4- 6 || total
-------------------------+-------+-------++-------
Melee: Hand axe          |    76 |    12 ||    88
       Headbutt          |     7 |     2 ||     9
Invok: Berserk           |     2 |       ||     2
  Eat: Chunk             |     2 |     1 ||     3
Armor: Animal skin       |    17 |     1 ||    18
Dodge: Dodged            |    54 |     2 ||    56

Vault maps used:
D:1:      grunt_arrival_crossed_arrows
D:2:      lemuel_blue_sif_altar

Table legend:
 A = Turns spent in this place as a percentage of turns spent in the entire game.
 B = Non-inter-level travel turns spent in this place as a percentage of non-inter-level travel turns spent in the entire game.
 C = Inter-level travel turns spent in this place as a percentage of turns spent in this place.
 D = Turns resting spent in this place as a percentage of non-inter-level travel turns spent in this place.
 E = Turns spent auto-exploring this place as a percentage of non-inter-level travel turns spent in this place.
 F = Non-inter-level travel turns spent in this place divided by the number of levels of this place that you've seen.
                   A       B       C       D       E      F
               +-------+-------+-------+-------+-------+----------------------
         Total | 100.0 | 100.0 |   0.2 |   4.4 |   8.2 | 251.0
       Dungeon | 100.0 | 100.0 |   0.2 |   4.4 |   8.2 | 251.0
               +-------+-------+-------+-------+-------+----------------------

Table legend:
 A = Kills in this place as a percentage of kills in entire the game.
 B = Kills by you in this place as a percentage of kills by you in the entire game.
 C = Kills by friends in this place as a percentage of kills by friends in the entire game.
 D = Other kills in this place as a percentage of other kills in the entire game.
 E = Experience gained in this place as a percentage of experience gained in the entire game.
 F = Experience gained in this place divided by the number of levels of this place that you have seen.
                   A       B       C       D       E      F
               +-------+-------+-------+-------+-------+----------------------
         Total | 100.0 | 100.0 |  -nan |  -nan | 100.0 |  53.0
       Dungeon | 100.0 | 100.0 |  -nan |  -nan | 100.0 |  53.0
               +-------+-------+-------+-------+-------+----------------------
